 Dungeon Crawl Stone Soup version 0.30.1-4-g462c640d31 (webtiles) character file.

Game seed: 17379866563251503221

24885 croobank the Covert (level 13, -2/115 HPs)
             Began as an Octopode Delver on Aug 10, 2023.
             Was an Elder of Hepliaklqana.
             Slain by a minotaur
             ... wielding a +2 antimagic broad axe
              (5 damage)
             ... on level 1 of the Lair of Beasts on Aug 11, 2023.
             The game lasted 03:14:46 (13945 turns).

croobank the Covert (Octopode Delver)              Turns: 13945, Time: 03:14:46

Health: -2/115     AC:  7    Str: 12    XL:     13   Next: 16%
Magic:  0/25       EV: 18    Int: 29    God:    Hepliaklqana [****..]
Gold:   1067       SH: 12    Dex: 13    Spells: 10/28 levels left

rFire   . . .        a - +4 dagger
rCold   . . .        R - +5 kite shield
rNeg    . . .        M - +2 hat
rPois   +            L - amulet of guardian spirit
rElec   .            f - ring of wizardry
rCorr   .            c - +6 ring of intelligence
SInv    +            d - +6 ring of intelligence
Will    .....        r - ring of see invisible Stlth
                     w - ring of poison resistance
HPRegen 0.39/turn    E - +4 ring of protection
MPRegen 0.19/turn    V - +5 ring of evasion
                     e - ring of wizardry

%: guardian spirit, wizardry (x2)
@: berserking, very quick
A: reduced essence, almost no armour, amphibious, 8 rings, camouflage 1,
gelatinous body 1, (nimble swimmer 1), tentacles
a: Renounce Religion, Recall Ancestor, Ancestor Identity, Transference, Idealise


You were on level 1 of the Lair of Beasts.
You worshipped Hepliaklqana.
Hepliaklqana was greatly pleased with you.
You visited 3 branches of the dungeon, and saw 15 of its levels.
You also visited: Bailey and Gauntlet.

You collected 1067 gold pieces.

Inventory:

Hand Weapons
 a - a +4 dagger (weapon)
 b - a +5 shortbow
 N - a +2 vampiric long sword
 Q - a +2 flail of holy wrath
 Y - a +0 scimitar of flaming
Missiles
 s - 25 poisoned darts (quivered)
 A - 4 boomerangs
 I - a curare-tipped dart
 P - 6 boomerangs of dispersal
Armour
 M - a +2 hat (worn)
 R - a +5 kite shield (worn)
Magical Staves
 F - a staff of fire
Jewellery
 c - a +6 ring of intelligence (right tentacle)
 d - a +6 ring of intelligence (on tentacle)
 e - a ring of wizardry (on tentacle)
 f - a ring of wizardry (left tentacle)
 o - a +4 ring of protection
 q - a ring of flight
 r - a ring of see invisible (on tentacle)
 u - a +6 ring of dexterity
 w - a ring of poison resistance (on tentacle)
 y - a +4 ring of protection
 z - a ring of ice
 E - a +4 ring of protection (on tentacle)
 L - an amulet of guardian spirit (around mantle)
 V - a +5 ring of evasion (on tentacle)
Wands
 B - a wand of digging (1)
 U - a wand of flame (13)
 X - a wand of iceblast (3)
Scrolls
 i - a scroll of immolation
 j - 2 scrolls of vulnerability
 l - 4 scrolls of teleportation
 t - 3 scrolls of poison
 H - a scroll of fog
 J - 2 scrolls of magic mapping
 T - 2 scrolls of amnesia
Potions
 g - 3 potions of heal wounds
 h - 2 potions of lignification
 k - 5 potions of brilliance
 m - a potion of ambrosia
 n - 7 potions of curing
 p - a potion of berserk rage
 v - 3 potions of might
 x - 2 potions of flight
 C - a potion of cancellation {unknown}
 G - a potion of attraction
 K - 3 potions of invisibility
 O - a potion of magic
 S - a potion of resistance {unknown}
 W - 2 potions of mutation {unknown}
 Z - a potion of degeneration {unknown}
Miscellaneous
 D - a phantom mirror (inert)


   Skills:
 + Level 7.5 Fighting
 + Level 7.0 Short Blades
 + Level 7.1 Dodging
 + Level 11.7 Stealth
 * Level 8.1 Spellcasting
 * Level 9.5 Conjurations
 - Level 5.8 Hexes
 - Level 3.0 Fire Magic
 + Level 7.9 Air Magic
 + Level 6.0 Invocations


You had 10 spell levels left.
You knew the following spells:

 Your Spells              Type           Power      Damage    Failure   Level
a - Slow                  Hex            100%       N/A       1%          1
b - Confusing Touch       Hex            45%        N/A       1%          3
c - Inner Flame           Hex/Fire       37%        N/A       2%          3
d - Arcjolt               Conj/Air       29%        1d39      4%          5
e - Hailstorm             Conj/Ice       39%        3d9       2%          3
f - Frozen Ramparts       Ice            22%        1d4       16%         3

Your spell library contained the following spells:

 Spells                   Type           Power      Damage    Failure   Level
 Vhi's Electric Charge    Tloc/Air       68%        N/A       3%          3
 Vampiric Draining        Necr           11%        2d6       16%         3
 Yara's Violent Unravell  Hex/Tmut       14%        3d7       38%         5
 Ice Form                 Ice/Tmut       11%        N/A       45%         4
 Summon Ice Beast         Ice/Summ       11%        N/A       45%         4
 Enfeeble                 Hex            22%        N/A       97%         7
 Simulacrum               Ice/Necr       5%         N/A       99%         6
 Maxwell's Capacitive Co  Air            27%        ∞         100%        8


Dungeon Overview and Level Annotations

Branches:
Dungeon (12/15)            Temple (1/1) D:5            Lair (2/5) D:9
    Orc (0/2) D:9          Bailey (visited)         Gauntlet (visited)
  Swamp: Lair:2-3    Shoals: Lair:2-3     Snake: Lair:2-3    Spider: Lair:2-3

Altars:
Ashenzari
Cheibriados
Dithmenos
Elyvilon
Fedhas
Gozag
Hepliaklqana
Kikubaaqudgha
Makhleb
Nemelex Xobeh
Okawaru
Qazlal
Ru
Sif Muna
Trog
Uskayaw
Vehumet
Wu Jian
Xom
Yredelemnul
Zin
The Shining One

Shops:
D:10 [

Annotations:
Lair:1 Urug


Innate Abilities, Weirdness & Mutations

Your life essence is reduced to manifest your ancestor. (-10% HP)
You cannot wear most types of armour.
You are amphibious.
You can wear up to eight rings at the same time.
Your skin changes colour to match your surroundings (Stealth+).
Your rubbery body absorbs attacks. (AC +1, EV +1)
((You are camouflaged when in or above water. (Stealth+)))
You have tentacles for arms and can constrict up to eight enemies at once.


Message History

The minotaur blocks your attack.
You catch the helpless minotaur completely off-guard!
You hit the minotaur but do no damage.
You squeeze the minotaur, but do no damage.
The minotaur is almost dead.
You constrict the minotaur. The minotaur completely misses you.
The minotaur gores you. The minotaur blocks your attack.
The minotaur is almost dead.
You constrict the minotaur, but do no damage.
You block the minotaur's attack. The minotaur gores you.
The minotaur hits you with a +2 antimagic broad axe!!
* * * LOW HITPOINT WARNING * * *
The minotaur gores you!
* * * LOW HITPOINT WARNING * * *
What are your orders? t - Shout!
Orders for allies: a - Attack new target. p - Attack previous target. r - Retreat! s - Stop attacking. g - Guard the area. f - Follow me.
Anything else - Cancel.
Gang up on whom?
Press: ? - help, Dir - move target, f/p - minotaur
Aim: a minotaur, wielding a +2 antimagic broad axe, wearing the +6 acid dragon scales of the Pink Corner {rF+ rCorr Str+3}, wearing a +0 kite shield of reflection, wearing the ring of Yreq {rN+ Will+ Str+2 Dex+5} and quivering javelins (almost dead, constricted by you, reflecting blocked projectiles, chance to confuse on hit: 0%)
Okay, then.
Okay, then.
Your +2 flail of holy wrath stops glowing.
a - a +4 dagger (weapon)
You constrict the minotaur, but do no damage.
The minotaur completely misses you. The minotaur gores you!
* * * LOW HITPOINT WARNING * * *
The minotaur blocks your attack.
The minotaur is almost dead.
You constrict the minotaur.
A red film seems to cover your vision as you go berserk!
You feel yourself moving faster!
You feel mighty!
Your tentacles stop glowing.
You constrict the minotaur. You block the minotaur's attack.
The minotaur gores you.
You die...

..## *,#..P#
*..#** ...#
***#..####.#*
...## ##..##..#
....# ##....##
...## #....#####
..#.## ##...##..##
.###.##
##..#..[...### .#
##.##
###H..#P.......#
P# ##.##
##..@#####......##
#* ##.#####..###
#........#
##.##....#
##........##
##.#.####
#..........## #
###..##
###.........#*
#######...##
#.........##
....##...##
##......##..
###....###
###.....##. #
###..## ##...####


You could see a minotaur (reflecting).

Vanquished Creatures
  Erica (Lair:1)
  A boulder beetle (D:11)
  A two-headed ogre (D:7)
  A tengu warrior (Gauntlet)
  Lodul (D:11)
  Pikel (D:8)
  2 manticores (D:11)
  A moth of wrath (Gauntlet)
  A cyclops (D:11)
  A komodo dragon (D:10)
  An unseen horror (D:11)
  2 tengu conjurers (Gauntlet)
  2 trolls
  The ghost of booth the Chopper, an amateur DsMo (D:5)
  2 blink frogs (Lair:1)
  7 shadows (Gauntlet)
  7 yaks
  A wraith (D:12)
  A redback (Gauntlet)
  A chaos spawn (Gauntlet)
  A steam dragon (D:9)
  2 wargs (D:9)
  An acid dragon (D:11)
  A water moccasin (D:6)
  Duvessa (D:6)
  A sky beast (D:3)
  12 orc warriors
  An ice beast (D:6)
  7 ogres
  8 centaurs
  A kobold brigand (D:5)
  A bullfrog (D:7)
  A gnoll sergeant (D:8)
  A scorpion (D:6)
  7 wights
  Dowan (D:6)
  A killer bee (D:9)
  A howler monkey (D:9)
  An electric eel (D:9)
  3 hounds
  8 orc priests
  A gnoll bouda (D:7)
  2 sleepcaps
  4 iguanas
  Ijyb (D:4)
  9 orc wizards
  10 gnolls
  7 adders
  2 white imps (D:7)
  3 worms
  38 orcs
  7 ball pythons
  10 endoplasms
  4 giant cockroaches
  5 goblins
  9 hobgoblins
  10 jackals
  19 kobolds
  3 quokkas
  2 bats
  4 frilled lizards
  2 rats
249 creatures vanquished.

Vanquished Creatures (collateral kills)
  Fannar (D:11)
  A two-headed ogre (D:11)
  2 orc knights (Bailey)
  A komodo dragon (Lair:1)
  2 trolls (D:10)
  2 blink frogs (Lair:1)
  A shadow (Gauntlet)
  2 wraiths
  2 yaks (D:10)
  A neqoxec (Gauntlet)
  A redback (Gauntlet)
  A warg (D:9)
  A water moccasin (Lair:1)
  The ghost of shmup the Firebug, an amateur TeFE (D:3)
  7 orc warriors
  A sky beast (D:8)
  A swamp drake (D:9)
  4 ogres (D:11)
  A centaur (D:11)
  A kobold brigand (D:9)
  A scorpion (D:7)
  A gnoll sergeant (D:8)
  4 wights
  3 howler monkeys
  An orc priest (D:9)
  6 orc wizards
  An adder (D:6)
  4 gnolls
  28 orcs
  4 kobolds
87 creatures vanquished.

Vanquished Creatures (others)
  14 battlemagi
  An orc wizard (D:9)
  6 ancestors
  An orc (Bailey)
22 creatures vanquished.

Grand Total: 358 creatures vanquished

Notes
Turn   | Place    | Note
-------+----------+-------------------------------------------
     0 | D:5      | croobank the Octopode Delver began the quest for the Orb.
     0 | D:5      | Reached XP level 1. HP: 16/16 MP: 1/1
    22 | D:6      | Noticed a hound
   112 | D:5      | Reached XP level 2. HP: 15/21 MP: 2/2
   239 | D:5      | Found a shadowy altar of Dithmenos.
   245 | D:5      | Reached skill level 7 in Stealth
   245 | D:5      | Reached XP level 3. HP: 26/26 MP: 3/3
   274 | D:6      | Noticed a centaur
   337 | D:5      | Noticed an ogre
   340 | D:5      | Noticed an ogre
   344 | D:5      | Found a staircase to the Ecumenical Temple.
   352 | D:5      | Found an iron altar of Okawaru.
   362 | D:5      | Found a runed translucent gate.
   363 | D:5      | Found a runed translucent gate.
   364 | D:5      | Noticed a kobold brigand
   364 | D:5      | Noticed booth's ghost (amateur DsMo)
   365 | D:4      | Noticed Ijyb
   386 | D:4      | Killed Ijyb
   387 | D:4      | Reached XP level 4. HP: 4/31 MP: 4/4
   545 | D:4      | Found a hide-covered altar of Uskayaw.
   592 | D:4      | Reached XP level 5. HP: 34/37 MP: 5/5
   734 | D:4      | Noticed an orc warrior
  1662 | D:2      | Learned a level 1 spell: Slow
  1761 | D:2      | Reached XP level 6. HP: 42/43 MP: 6/6
  2235 | D:2      | Reached skill level 8 in Stealth
  2303 | D:3      | Found a faded altar of an unknown god.
  2468 | D:3      | Found a stormy altar of Qazlal.
  2468 | D:3      | Noticed a sky beast
  2490 | D:3      | Killed a sky beast
  2491 | D:3      | Reached skill level 1 in Spellcasting
  2491 | D:3      | Reached skill level 1 in Hexes
  3086 | D:3      | Noticed shmup's ghost (amateur TeFE)
  3087 | D:3      | Found a runed translucent door.
  3433 | D:4      | Found a burning altar of Makhleb.
  3567 | D:4      | Learned a level 3 spell: Confusing Touch
  3575 | D:4      | Reached XP level 7. HP: 46/47 MP: 9/9
  4442 | Temple   | Entered the Ecumenical Temple
  4532 | Temple   | Became a worshipper of Hepliaklqana the Forgotten
  4653 | D:5      | Found a runed translucent gate.
  4872 | D:5      | Reached XP level 8. HP: 54/54 MP: 12/12
  4887 | D:5      | Found an ornate altar of the Wu Jian Council.
  5049 | D:6      | Reached skill level 1 in Invocations
  5078 | D:6      | Learned a level 3 spell: Inner Flame
  5173 | D:6      | Found a broken altar of Ashenzari.
  5176 | D:6      | Found a sacrificial altar of Ru.
  5176 | D:6      | Found a snail-covered altar of Cheibriados.
  5337 | D:6      | Noticed Dowan
  5339 | D:6      | Noticed Duvessa
  5351 | D:6      | Killed Dowan
  5363 | D:6      | Killed Duvessa
  5364 | D:6      | Reached skill level 5 in Fighting
  5364 | D:6      | Reached skill level 9 in Stealth
  5661 | D:6      | Reached * piety under Hepliaklqana
  5707 | D:6      | Found an ancient bone altar of Kikubaaqudgha.
  5707 | D:6      | Found a shimmering altar of Xom.
  5707 | D:6      | Found a stormy altar of Qazlal.
  6079 | D:7      | Reached XP level 9. HP: 25/54 MP: 6/15
  6234 | D:7      | Noticed a two-headed ogre
  6243 | D:7      | Killed a two-headed ogre
  6244 | D:7      | Reached skill level 5 in Dodging
  6244 | D:7      | Reached skill level 5 in Hexes
  6380 | D:7      | Reached skill level 5 in Short Blades
  6603 | D:7      | Found a sparkling altar of Nemelex Xobeh.
  6635 | D:6      | Noticed a rust devil
  6635 | D:6      | Noticed a rust devil
  6916 | D:8      | Noticed Pikel
  6932 | D:8      | Killed Pikel
  6933 | D:8      | Reached skill level 5 in Spellcasting
  6981 | D:8      | Reached XP level 10. HP: 50/61 MP: 3/18
  7127 | D:8      | Reached ** piety under Hepliaklqana
  7128 | D:8      | Remembered your ancestor Shiptu as a battlemage
  7487 | D:8      | Reached skill level 10 in Stealth
  7559 | D:8      | Reached skill level 1 in Conjurations
  8403 | D:9      | Found a flagged portal.
  8426 | Bailey   | Entered a bailey
  8624 | Bailey   | Reached XP level 11. HP: 64/64 MP: 19/19
  8631 | Bailey   | Learned a level 5 spell: Arcjolt
  8639 | Bailey   | Noticed an orc knight
  8648 | Bailey   | Killed an orc knight
  8668 | Bailey   | Noticed an orc knight
  8677 | Bailey   | Killed an orc knight
  8678 | Bailey   | Reached skill level 1 in Fire Magic
  9133 | D:9      | Found a staircase to the Lair.
  9163 | D:9      | Found a blossoming altar of Fedhas.
  9333 | D:9      | Found a staircase to the Orcish Mines.
  9552 | D:10     | Entered Level 10 of the Dungeon
  9555 | D:10     | Reached *** piety under Hepliaklqana
  9582 | D:10     | Found Cein's Armour Shoppe.
  9632 | D:10     | Found a white marble altar of Elyvilon.
  9710 | D:10     | Found a sacrificial altar of Ru.
  9923 | D:10     | Reached XP level 12. HP: 72/72 MP: 18/22
 10204 | D:10     | Found an opulent altar of Gozag.
 10215 | D:10     | Found an iron altar of Okawaru.
 10374 | D:10     | Found a broken altar of Ashenzari.
 10866 | D:11     | Reached **** piety under Hepliaklqana
 11004 | D:11     | Noticed Lodul
 11011 | D:11     | Reached skill level 5 in Invocations
 11011 | D:11     | Killed Lodul
 11177 | D:11     | Noticed a two-headed ogre
 11181 | D:11     | Killed a two-headed ogre
 11182 | D:11     | Reached skill level 11 in Stealth
 11791 | D:11     | Noticed a boulder beetle
 11816 | D:11     | Killed a boulder beetle
 11947 | D:11     | Noticed Fannar
 11963 | D:11     | Killed Fannar
 12097 | D:12     | Noticed a rakshasa
 12429 | D:3      | Killed shmup's ghost
 12488 | D:5      | Killed booth's ghost
 12722 | Lair:1   | Entered Level 1 of the Lair of Beasts
 12793 | Lair:1   | Noticed Erica
 12801 | Lair:1   | Killed Erica
 12829 | Lair:1   | Found a gate leading to a gauntlet.
 12846 | Gauntlet | Entered a Gauntlet
 12846 | Gauntlet | Noticed a tengu warrior
 12846 | Gauntlet | Found a transporter.
 12885 | Gauntlet | Found a transporter.
 12888 | Gauntlet | Found a transporter.
 12889 | Gauntlet | Found a transporter.
 12898 | Gauntlet | Found a transporter.
 12901 | Gauntlet | Found a transporter.
 12902 | Gauntlet | Found a transporter.
 12926 | Gauntlet | Found a transporter.
 12929 | Gauntlet | Found a transporter.
 12930 | Gauntlet | Found a transporter.
 12934 | Gauntlet | Found a runed translucent door.
 12936 | Gauntlet | Found a runed translucent door.
 12938 | Gauntlet | Found a transporter.
 12941 | Gauntlet | Found a transporter.
 12942 | Gauntlet | Found a transporter.
 12953 | Gauntlet | Found a transporter.
 13055 | Gauntlet | Killed a tengu warrior
 13065 | Gauntlet | Reached XP level 13. HP: 43/77 MP: 8/24
 13199 | Gauntlet | Learned a level 3 spell: Hailstorm
 13374 | Gauntlet | Identified the +6 acid dragon scales of the Pink Corner
                  | {rF+ rCorr Str+3}
 13374 | Gauntlet | Identified the ring of Yreq {rN+ Will+ Str+2 Dex+5}
 13374 | Gauntlet | Noticed a minotaur
 13423 | Lair:1   | Noticed Urug
 13766 | Lair:1   | Learned a level 3 spell: Frozen Ramparts
 13943 | Lair:1   | HP: 1/77 [minotaur/+2 antimagic broad axe (7)]
 13945 | Lair:1   | Slain by a minotaur

Illustrated notes

Levels and vault maps discovered:
D:1:      zaba_arrival_water, layout_basic
D:2:      layout_loops_ring, minmay_misc_feat_square, minmay_tetromino_i4
D:3:      layout_loops_ring, nicolae_qazlal_beasts_of_the_sky,
          gammafunk_ghost_grave, ebering_ecumenical_altar_sacrificial,
          minmay_randomly_rotated_circles
D:4:      layout_basic, marbit_many_paths, eat_drink_and_be_merry_uskayaw,
          roderic_lattice_a, fountainhead, grunt_decor_cap, uniq_ijyb
D:5:      layout_basic, lemuel_coloured_pillars_altar,
          minmay_temple_entry_slanted, gammafunk_ghost_nasty_kobolds,
          hangedman_feature_mirror
D:6:      cheibrodos_iron_armory, layout_cave_pools, doesnt_xom_only_xom,
          uniq_duvessa
D:7:      cheibrodos_two_vegetables, layout_layer_cave,
          overflow_temple_1_default, minmay_splitting_lines,
          minmay_misc_feat_tower, uniq_prince_ribbit1
D:8:      layout_basic, hangedman_abyss_or_decor_passed, uniq_pikel
D:9:      layout_big_octagon, fedhas_bush_and_centaur_altar,
          erik_lair_orcish_takeover, david_orc_4, enter_bailey_2
D:10:     layout_stronghold, kennysheep_mini,
          mainiacjoe_overflow_small_starburst, lemuel_round_altar,
          amethyst_overflow_temple_binary, serial_shops,
          nicolae_shop_hallway_plus
D:11:     layout_irregular_city, uniq_lodul, uniq_fannar
D:12:     layout_rooms
Temple:   hellmonk_temple_beads
Lair:1:   layout_cave_pods, gauntlet_entry_generic, uniq_erica, uniq_urug
Lair:2:   layout_cave_shapes, shoals_dummy_entry,
          maelrawn_ghost_gauntlet_escape, grunt_megastairs_3,
          infiniplex_staircase_pool_2, uniq_nergalle

Skill      XL: |  1  2  3  4  5  6  7  8  9 10 11 12 13 |
---------------+----------------------------------------+-----
Stealth        | 7 8 9 10 11 | 11.7
Short Blades   | 3 4 5 6 7 |  7.0
Dodging        | 3 4 5 6 7 |  7.1
Fighting       | 4 5 6 7 |  7.5
Spellcasting   | 1 2 4 5 6 7 8 |  8.1
Hexes          | 1 3 4 5 |  5.8
Invocations    | 2 3 4 5 6 |  6.0
Conjurations   | 7 8 9 |  9.5
Air Magic      | 6 7 |  7.9
Fire Magic     | 2 3 |  3.0

Action                     |  1- 3 |  4- 6 |  7- 9 | 10-12 | 13-15 || total
---------------------------+-------+-------+-------+-------+-------++-------
  Melee: Short sword       |    22 |   111 |       |       |       ||   133
         Constrict         |     3 |    34 |    49 |    19 |     4 ||   109
         Tentacles         |     4 |    32 |    81 |    31 |    20 ||   168
         Dagger            |       |    69 |   189 |    98 |    10 ||   366
         Punch             |       |       |     8 |     1 |       ||     9
         Staff             |       |       |    14 |     8 |       ||    22
         Shortbow          |       |       |       |     6 |       ||     6
         Flail             |       |       |       |       |    53 ||    53
   Fire: Shortbow          |       |       |     5 |   247 |       ||   252
  Throw: Throwing net      |       |     3 |     3 |     1 |       ||     7
         Dart              |       |     3 |    10 |    10 |       ||    23
   Cast: Slow              |       |     1 |    25 |    14 |       ||    40
         Confusing Touch   |       |       |    22 |    21 |     9 ||    52
         Inner Flame       |       |       |       |    48 |     1 ||    49
 Invoke: Ancestor Life: Ba |       |       |       |     1 |       ||     1
         Recall Ancestor   |       |       |       |       |     1 ||     1
         Idealise          |       |       |       |       |     1 ||     1
  Evoke: Wand              |       |     4 |    10 |    16 |     4 ||    34
         Phantom mirror    |       |       |       |       |     1 ||     1
    Use: Scroll            |     3 |     9 |     6 |    21 |     4 ||    43
         Potion            |     1 |       |     2 |     3 |     8 ||    14
   Stab: Sleeping          |     1 |    27 |     2 |     3 |       ||    33
         Distracted        |       |     1 |       |       |     2 ||     3
         Confused          |       |       |     7 |     5 |     1 ||    13
         Held in net/web   |       |       |       |     1 |       ||     1
         Invisible         |       |       |       |       |     6 ||     6
 Armour: Skin              |     5 |    31 |    39 |    30 |    16 ||   121
  Dodge: Dodged            |    15 |    99 |   107 |   173 |    51 ||   445
  Block: Kite shield       |       |       |       |    21 |    29 ||    50
